 Dungeon Crawl Stone Soup version 0.24-a0-441-g27f0392e16 (webtiles) character file.

Game seed: 1524560085990703036

271 galech the Shield-Bearer (level 6, -6/48 HPs)
             Began as a Demonspawn Fighter on June 19, 2019.
             Shot with an arrow by a centaur (9 damage)
             ... on level 4 of the Dungeon.
             The game lasted 00:03:09 (2591 turns).

galech the Shield-Bearer (Demonspawn Fighter)       Turns: 2591, Time: 00:03:09

Health: -6/48      AC: 12    Str: 16    XL:     6   Next: 2%
Magic:  6/6        EV:  5    Int:  9    God:
Gold:   164        SH:  9    Dex: 13    Spells: 5/5 levels left

rFire    . . .     SeeInvis .   a - +0 war axe
rCold    . . .     Gourm    .   c - +0 shield
rNeg     . . .     Faith    .   h - +0 chain mail
rPois    .         Spirit   .   (no helmet)
rElec    .         Reflect  .   (no cloak)
rCorr    .         Harm     .   (no gloves)
MR       .....                  (no boots)
Stlth    ..........             (no amulet)
HPRegen  0.16/turn              e - -2 ring of strength (curse)
MPRegen  0.10/turn              (no ring)

@: no status effects
A: icy blue scales 2, rot immunity
a: no special abilities


You were on level 4 of the Dungeon.
You were not hungry.

You visited 1 branch of the dungeon, and saw 4 of its levels.

You collected 164 gold pieces.

Inventory:

Hand Weapons
 a - a +0 war axe (weapon)
Armour
 b - a +0 scale mail
 c - a +0 shield (worn)
 h - a +0 chain mail (worn)
Jewellery
 e - a cursed -2 ring of strength (left hand)
Wands
 r - a wand of flame (17)
Scrolls
 g - 2 scrolls of teleportation {unknown}
 l - 2 scrolls of random uselessness {unknown}
 m - a scroll of magic mapping {unknown}
 n - a scroll of fog {unknown}
 o - 3 scrolls of remove curse {unknown}
 p - 2 scrolls of identify {unknown}
Potions
 i - a potion of might
 j - a potion of lignification {unknown}
 k - a potion of brilliance {unknown}
 q - a potion of heal wounds {unknown}
Comestibles
 d - a chunk of flesh
 f - 5 rations


   Skills:
 + Level 3.7 Fighting
 + Level 3.5 Axes
 + Level 3.4 Armour
 + Level 1.2 Dodging
 + Level 4.0 Shields


You had 5 spell levels left.
You didn't know any spells.
Your spell library was empty.

Dungeon Overview and Level Annotations

Branches:
Dungeon (4/15)
 Temple: D:4-7

Altars:
Gozag
Ru
Trog
Vehumet
Xom


Innate Abilities, Weirdness & Mutations

You are mostly covered in icy blue scales. (AC +3)
You are immune to rotting.


Message History

The ogre hits you with a +0 giant club!
* * * LOW HITPOINT WARNING * * *
The centaur shoots an arrow.
The arrow hits you.
* * * LOW HITPOINT WARNING * * *
You see here an arrow.
The centaur shoots an arrow.
You block the arrow.
You see here an arrow.
Okay, then.
The ogre barely misses you.
The centaur shoots an arrow.
The arrow hits you.
* * * LOW HITPOINT WARNING * * *
You see here an arrow.
The centaur shoots an arrow.
The arrow hits you but does no damage.
You see here an arrow.
The centaur shoots an arrow.
You block the arrow.
The centaur shoots an arrow.
The arrow hits you.
* * * LOW HITPOINT WARNING * * *
You see here 2 arrows.
The centaur shoots an arrow.
The arrow hits you!
You die...

.## #...# #.#
..(##...# #.##.#
.......###.##.#
#.#.....#.##.#
#.((.##...##.#
###.(...c.##.#
##..........#
####....###..#.#####
.........##..OW(@..#
.###.##..(#.##.#####
#. #.#...##.# ..
#.#....#.# ..#
#....#.#.# ...
###.##.#.#
...............
.......(.......
##########......


You could see a phantom, an ogre and a centaur.

Vanquished Creatures
  An orc priest (D:3)
  An iguana (D:3)
  Terence (D:2)
  A worker ant (D:4)
  A hound skeleton (D:3)
  3 adders
  5 oozes (D:1)
  A worm (D:2)
  A dart slug (D:2)
  3 leopard geckos
  2 orcs (D:3)
  10 bats
  10 giant cockroaches
  7 goblins
  6 hobgoblins
  13 jackals
  12 kobolds
  3 quokkas
  3 frilled lizards (D:1)
  12 rats
96 creatures vanquished.

Notes
Turn   | Place    | Note
-------+----------+-------------------------------------------
     0 | D:1      | galech the Demonspawn Fighter began the quest for the Orb.
     0 | D:1      | Reached XP level 1. HP: 18/18 MP: 1/1
     1 | D:1      | Found a runed translucent door.
    13 | D:1      | Reached skill level 3 in Shields
    13 | D:1      | Gained mutation: You are partially covered in icy blue
                  | scales. (AC +2) [demonic ancestry]
    13 | D:1      | Reached XP level 2. HP: 15/24 MP: 2/2
    24 | D:1      | Gained mutation: You are mostly covered in icy blue scales.
                  | (AC +3) [demonic ancestry]
    24 | D:1      | Reached XP level 3. HP: 17/29 MP: 3/3
   609 | D:1      | Reached XP level 4. HP: 35/35 MP: 4/4
  1194 | D:2      | Noticed Terence
  1206 | D:2      | Killed Terence
  1354 | D:2      | Reached XP level 5. HP: 33/41 MP: 5/5
  1652 | D:3      | Reached skill level 1 in Dodging
  2080 | D:3      | Found a sacrificial altar of Ru.
  2080 | D:3      | Found a shimmering altar of Xom.
  2085 | D:3      | Found an opulent altar of Gozag.
  2087 | D:3      | Found a radiant altar of Vehumet.
  2093 | D:3      | Found a bloodstained altar of Trog.
  2307 | D:4      | Noticed a phantom
  2419 | D:3      | Reached skill level 4 in Shields
  2419 | D:3      | Gained mutation: You are immune to rotting. [demonic
                  | ancestry]
  2419 | D:3      | Reached XP level 6. HP: 25/48 MP: 6/6
  2591 | D:4      | Shot with an arrow by a centaur

Levels and vault maps discovered:
D:1:      dpeg_arrival_caged_fury, layout_basic, chequers_serial_rivers_micro_c,
          nrook_uturn, st_stairs_12
D:2:      layout_rooms, serial_curves, eino_curves_04, eino_curves_02,
          uniq_terence
D:3:      wander_river, layout_rooms, chequers_temple_overflow_minitemple
D:4:      layout_rooms, first_ration, kennysheep_potato

Skill      XL: |  1  2  3  4  5 |
---------------+----------------+-----
Shields        | 3 4 |  4.0
Armour         | 3 |  3.4
Axes           | 2 3 |  3.5
Dodging        | 1 |  1.2
Fighting       | |  3.7

Action                   |  1- 3 |  4- 6 || total
-------------------------+-------+-------++-------
Melee: War axe           |    82 |   196 ||   278
  Use: Potion            |     1 |     2 ||     3
  Eat: Chunk             |       |     6 ||     6
Armor: Scale mail        |    44 |    46 ||    90
       Chain mail        |       |    69 ||    69
Dodge: Dodged            |    20 |    58 ||    78
Block: Shield            |    46 |   133 ||   179

Table legend:
 A = Non-vault XP
 B = Vault XP
 C = Vault XP percentage of total XP
 D = Non-vault monster count
 E = Vault monster count
 F = Vault count percentage of total count
                 A         B        C        D         E       F
            +---------+---------+-------+---------+---------+-------
      Total |     299 |      89 |  22.9 |      76 |      20 |  20.8
            +---------+---------+-------+---------+---------+-------
        D:1 |      47 |      57 |  54.8 |      26 |      19 |  42.2
        D:2 |      74 |      32 |  30.2 |      27 |       1 |   3.6
        D:3 |     146 |       0 |   0.0 |      22 |       0 |   0.0
        D:4 |      32 |       0 |   0.0 |       1 |       0 |   0.0
            +---------+---------+-------+---------+---------+-------
